 Dungeon Crawl Stone Soup version 0.20-a0-208-g55166f7 (webtiles) character file.

212 KristoblXynda the Cudgeler (level 5, -3/41 HPs)
             Began as a Draconian Gladiator on Nov 25, 2016.
             Slain by an orc
             ... wielding a +0 mace
              (9 damage)
             ... on level 3 of the Dungeon.
             The game lasted 00:04:50 (2700 turns).

KristoblXynda the Cudgeler (Draconian Gladiator)    Turns: 2700, Time: 00:04:51

Health: -3/41      AC:  6    Str: 17    XL:     5   Next: 58%
Magic:  5/5        EV: 11    Int: 10    God:
Gold:   145        SH:  8    Dex: 11    Spells: 4/4 levels left

rFire  . . .     SeeInvis .     a - +0 flail
rCold  . . .     Gourm    .     (armour unavailable)
rNeg   . . .     Faith    .     h - +0 shield
rPois  .         Spirit   .     b - +0 hat
rElec  .         Reflect  .     (no cloak)
rCorr  .         Harm     .     (no gloves)
MR     .....                    f - +0 pair of boots
Stlth  +.........               (no amulet)
                                (no ring)
                                (no ring)

@: no status effects
A: unfitting armour, cold-blooded, AC +5
a: no special abilities


You were on level 3 of the Dungeon.
You were not hungry.

You visited 1 branch of the dungeon, and saw 4 of its levels.

You collected 145 gold pieces.

Inventory:

Hand Weapons
 a - a +0 flail (weapon)
Missiles
 c - 3 throwing nets (quivered)
Armour
 b - a +0 hat (worn)
 f - a +0 pair of boots (worn)
 h - a +0 shield (worn)
 u - a +0 buckler
Scrolls
 e - 2 scrolls of enchant weapon {unknown}
 g - 2 scrolls of identify {unknown}
 i - a scroll of random uselessness {unknown}
 o - a scroll of amnesia {unknown}
 p - a scroll of recharging {unknown}
 q - a scroll of remove curse {unknown}
Potions
 k - a potion of berserk rage {unknown}
 l - a potion of lignification {unknown}
 m - a potion of heal wounds {unknown}
 n - a potion of cure mutation {unknown}
 s - a potion of degeneration {unknown}
 t - 2 potions of flight {unknown}
Comestibles
 d - 3 bread rations
 j - 2 meat rations
 r - a beef jerky


   Skills:
 - Level 2.1 Fighting
 + Level 4.4 Maces & Flails
 - Level 2.0 Throwing
 + Level 4.3 Dodging
 + Level 2.1 Shields


You had 4 spell levels left.
You didn't know any spells.

Dungeon Overview and Level Annotations

Branches:
Dungeon (4/15)
 Temple: D:4-7

Altars:
Hepliaklqana
Okawaru
Xom


Innate Abilities, Weirdness & Mutations

Your plain brown scales are hard. (AC +5)
You cannot fit into any form of body armour.
You are cold-blooded and may be slowed by cold attacks.


Message History

* * * LOW HITPOINT WARNING * * *
The orc hits you with a dagger.
* * * LOW HITPOINT WARNING * * *
Things that are here:
a jackal corpse x2
You closely miss the orc. The orc hits you with a hand axe.
* * * LOW HITPOINT WARNING * * *
The orc hits you with a dagger.
* * * LOW HITPOINT WARNING * * *
You sock the orc!
You kill the orc!
You hit the orc.
The orc is lightly wounded.
The orc closely misses you. The orc hits you with a hand axe.
* * * LOW HITPOINT WARNING * * *
The orc closely misses you. The orc barely misses you.
Your shield prevents you from hitting the orc.
The orc is lightly wounded.
The orc hits you but does no damage. The orc hits you with a mace!
You die...

#.#.#........#.#.#............###
.................................
..........##.#.#.#.........#....#
..........##...............#....#
....###+##.........#..........#.#
#.### #..........####....(..#.#
#.# #....<.....'.......... #.#
#...#####o.#........ #.#
###.#..(@o.#.o...... #.##
#...#.######.....#.# ..## #...#.#
#o.......
#########..†#.######.[...#.#
###.........#......#........
#.#####...#####..#.#...... .#
#..##......#........ .#
#..##......†.....### .#
#(.##............#


You could see 2 orcs.

Vanquished Creatures
  An ogre (D:3)
  Ijyb (D:2)
  3 adders
  An ooze (D:2)
  2 worms
  A dart slug (D:3)
  A leopard gecko (D:1)
  An orc (D:3)
  6 bats
  7 giant cockroaches
  7 goblins
  4 hobgoblins
  5 jackals
  A quokka (D:3)
  4 frilled lizards
  5 kobolds
  8 rats
58 creatures vanquished.

Notes
Turn   | Place    | Note
-------+----------+-------------------------------------------
     0 | D:1      | KristoblXynda the Draconian Gladiator began the quest for the Orb.
     0 | D:1      | Reached XP level 1. HP: 17/17 MP: 1/1
   429 | D:1      | Reached XP level 2. HP: 22/24 MP: 2/2
   564 | D:1      | Found an iron altar of Okawaru.
   984 | D:2      | Noticed Ijyb
  1024 | D:2      | Killed Ijyb
  1024 | D:2      | Reached XP level 3. HP: 10/29 MP: 3/3
  1412 | D:2      | Reached XP level 4. HP: 21/36 MP: 4/4
  1627 | D:2      | Found a hazy altar of Hepliaklqana.
  2048 | D:2      | Found a shimmering altar of Xom.
  2048 | D:2      | Found a shimmering altar of Xom.
  2049 | D:2      | Found a shimmering altar of Xom.
  2060 | D:2      | Found a shimmering altar of Xom.
  2060 | D:2      | Found a shimmering altar of Xom.
  2061 | D:2      | Found a shimmering altar of Xom.
  2077 | D:2      | Found a shimmering altar of Xom.
  2080 | D:2      | You fall through a shaft for 2 floors!
  2486 | D:3      | Reached skill level 1 in Shields
  2503 | D:3      | Noticed an ogre
  2512 | D:3      | Killed an ogre
  2512 | D:3      | Reached XP level 5. HP: 41/41 MP: 5/5
  2700 | D:3      | Slain by an orc

Vault maps used:
D:1:      ncdulo_halloftheorcs, okawaru_ov_weapons_minmay
D:2:      kennysheep_six_static_rooms, overflow_temple_1_default, first_bread,
          xom_redecorated, uniq_iyjb
D:3:      serial_co_window_serial, co_window_paths_b,
          co_window_of_opportunity_a, co_window_corner_a,
          co_window_of_opportunity_a, co_window_corner_a,
          co_window_of_opportunity_c, co_window_paths_c,
          co_window_of_opportunity_c, co_window_of_opportunity_b,
          co_window_2corner, co_window_cross_3, glass_columns_b,
          glass_columns_b, glass_columns_b, glass_columns_a, glass_columns_b,
          uniq_sigmund
D:4:      overflow_temple_1_default, minmay_ruined_shrine, uniq_edmund,
          uniq_crazy_yiuf_cottage, uniq_menkaure

Skill      XL: |  1  2  3  4  5 |
---------------+----------------+-----
Dodging        | 3 4 |  4.3
Throwing       | 2 |  2.0
Maces & Flails | 4 |  4.4
Shields        | 1 2 |  2.1
Fighting       | |  2.1

Action                   |  1- 3 |  4- 6 || total
-------------------------+-------+-------++-------
Melee: Flail             |   142 |   127 ||   269
       Tailslap          |     4 |    12 ||    16
  Use: Potion            |     2 |     1 ||     3
 Stab: Invisible         |       |     3 ||     3
  Eat: Pizza             |     1 |       ||     1
       Meat ration       |       |     1 ||     1
       Beef jerky        |       |     1 ||     1
Armor: Skin              |    45 |    41 ||    86
Dodge: Dodged            |   120 |    78 ||   198
Block: Shield            |       |    59 ||    59
